SAAA
PAWNEE PARKSNREC @ PORT ROYAL DISASTER
07/14/2029
 
TOP OF THE 1ST
Pawnee ParksNRec batting - Pitching for Port Royal Disaster : RHP Ismael Barrios
Pitching: RHP Ismael Barrios
Batting: LHB Ryan Marken 0-0: Ball
1-0: Called Strike
1-1: Swinging Strike
1-2: Strikes out looking
Batting: RHB Nate Cates 0-0: Ball
1-0: Foul Ball, location: 2F
1-1: Foul Ball, location: 2F
1-2: Fly out, F9 (Flyball, 9LS)
Batting: SHB Júlio Camacho 0-0: Reached on error, E1 (Groundball, 15S)
Batting: SHB Vicente Pueblo 0-0: Called Strike
Júlio Camacho steals 2nd base
0-1: Foul Ball, location: 2F
0-2: Ball
1-2: Ball
2-2: Ball
3-2: DOUBLE (Line Drive, 9D)
Júlio Camacho scores
Batting: RHB Ken Bone 0-0: Fly out, F8 (Flyball, 8LD)
Top of the 1st over - 1 run, 1 hit, 1 error, 1 left on base; Pawnee 1 - Port Royal 0
BOTTOM OF THE 1ST
Port Royal Disaster batting - Pitching for Pawnee ParksNRec : RHP Brewster Warble
Pitching: RHP Brewster Warble
Batting: LHB Ricky Payton 0-0: Foul Ball, location: 2F
0-1: Ball
1-1: Ground out U3 (Groundball, 34)
Batting: RHB David McJannett 0-0: Ball
1-0: Foul Ball, location: 2F
1-1: Ball
2-1: Ground out 1-3 (Groundball, 13)
Batting: RHB Wrangler Haresnape 0-0: Ground out 6-3 (Groundball, 6M)
Bottom of the 1st over - 0 runs, 0 hits, 0 errors, 0 left on base; Pawnee 1 - Port Royal 0
TOP OF THE 2ND
Pawnee ParksNRec batting - Pitching for Port Royal Disaster : RHP Ismael Barrios
Batting: RHB Iván Rodríguez 0-0: Ball
1-0: Foul Ball, location: 2F
1-1: Foul Ball, location: 2F
1-2: Ball
2-2: Strikes out swinging
Batting: RHB Britt Lynch 0-0: Ball
1-0: Called Strike
1-1: Ball
2-1: Foul Ball, location: 2F
2-2: Strikes out swinging
Batting: RHB Ronald Hines 0-0: Ball
1-0: Ball
2-0: Ball
3-0: Called Strike
3-1: Base on Balls
Batting: SHB Dennis Barraclough 0-0: Called Strike
0-1: Ball
1-1: Swinging Strike
1-2: Strikes out looking
Top of the 2nd over - 0 runs, 0 hits, 0 errors, 1 left on base; Pawnee 1 - Port Royal 0
BOTTOM OF THE 2ND
Port Royal Disaster batting - Pitching for Pawnee ParksNRec : RHP Brewster Warble
Batting: LHB Rubén López 0-0: Foul Ball, location: 2F
0-1: Ball
1-1: Called Strike
1-2: Ball
2-2: Ball
3-2: Base on Balls
Batting: RHB Marvin Hunter 0-0: Foul Ball, location: 2F
0-1: Grounds into double play, 5-4-3 (Groundball, 56)
Batting: RHB Brandon Cooper 0-0: Ball
1-0: Ball
2-0: Called Strike
2-1: Foul Ball, location: 2F
2-2: Ball
3-2: Fly out, F3 (Line Drive, 3)
Bottom of the 2nd over - 0 runs, 0 hits, 0 errors, 0 left on base; Pawnee 1 - Port Royal 0
TOP OF THE 3RD
Pawnee ParksNRec batting - Pitching for Port Royal Disaster : RHP Ismael Barrios
Batting: LHB Ryan Marken 0-0: Ball
1-0: Ball
2-0: Foul Ball, location: 2F
2-1: SINGLE (Groundball, 34S) (infield hit)
Batting: RHB Nate Cates 0-0: Called Strike
Ryan Marken is caught stealing 2nd base
0-1: Ball
1-1: Fly out, F6 (Line Drive, 6)
Batting: SHB Júlio Camacho 0-0: Called Strike
0-1: Ball
1-1: Ball
2-1: Ball
3-1: SINGLE (Line Drive, 34)
Batting: SHB Vicente Pueblo 0-0: Ball
1-0: Called Strike
1-1: Called Strike
1-2: Ball
Wild Pitch!
Júlio Camacho to second
2-2: Strikes out swinging
Top of the 3rd over - 0 runs, 2 hits, 0 errors, 1 left on base; Pawnee 1 - Port Royal 0
BOTTOM OF THE 3RD
Port Royal Disaster batting - Pitching for Pawnee ParksNRec : RHP Brewster Warble
Batting: RHB Loren Stallings 0-0: SINGLE (Line Drive, 4)
Batting: LHB António Quintero 0-0: Called Strike
0-1: Called Strike
0-2: Ball
1-2: Ball
2-2: Ball
3-2: SINGLE (Line Drive, 34D)
Loren Stallings to second
Batting: RHB Winston Sparks 0-0: Called Strike
0-1: Called Strike
0-2: Ball
1-2: SINGLE (Line Drive, 6MD)
Loren Stallings to third
António Quintero to second
Batting: LHB Ricky Payton 0-0: Ball
1-0: Called Strike
1-1: Called Strike
1-2: Fly out, F9 (Flyball, 9)
Runner from 3rd tags up, SCORES, no throw
Batting: RHB David McJannett 0-0: Ball
1-0: Called Strike
1-1: Ball
2-1: Called Strike
2-2: Foul Ball, location: 2F
2-2: Ball
3-2: Base on Balls
António Quintero to third
Winston Sparks to second
Batting: RHB Wrangler Haresnape 0-0: Ball
1-0: Ball
2-0: Ball
3-0: Called Strike
3-1: Foul Ball, location: 2F
3-2: Strikes out swinging
Batting: LHB Rubén López 0-0: Ball
1-0: Ball
2-0: Called Strike
2-1: Foul Ball, location: 2F
2-2: Foul Ball, location: 2F
2-2: Strikes out swinging
Bottom of the 3rd over - 1 run, 3 hits, 0 errors, 3 left on base; Pawnee 1 - Port Royal 1
TOP OF THE 4TH
Pawnee ParksNRec batting - Pitching for Port Royal Disaster : RHP Ismael Barrios
Batting: RHB Ken Bone 0-0: Ball
1-0: Foul Ball, location: 2F
1-1: Ball
2-1: DOUBLE (Line Drive, 9LS)
Batting: RHB Iván Rodríguez 0-0: Ball
1-0: Foul Ball, location: 2F
1-1: Ball
2-1: Ball
3-1: Foul Ball, location: 2F
3-2: Fly out, F9 (Flyball, 9)
Batting: RHB Britt Lynch 0-0: Fly out, F7 (Line Drive, 7)
Batting: RHB Ronald Hines 0-0: Ball
1-0: Foul Ball, location: 2F
1-1: SINGLE (Flyball, 89M)
Ken Bone to third
Runner from 3rd tries for Home, SAFE, throw made home
Batting: SHB Dennis Barraclough 0-0: Ball
1-0: Fly out, F8 (Flyball, 78XD)
Top of the 4th over - 1 run, 2 hits, 0 errors, 1 left on base; Pawnee 2 - Port Royal 1
BOTTOM OF THE 4TH
Port Royal Disaster batting - Pitching for Pawnee ParksNRec : RHP Brewster Warble
Batting: RHB Marvin Hunter 0-0: Ground out 1-3 (Groundball, 13)
Batting: RHB Brandon Cooper 0-0: Ball
1-0: SINGLE (Flyball, 9S)
Batting: RHB Loren Stallings 0-0: Called Strike
0-1: Fly out, F9 (Flyball, 9LM)
Batting: LHB António Quintero 0-0: Called Strike
0-1: Swinging Strike
0-2: Fly out, F4 (Line Drive, 4)
Bottom of the 4th over - 0 runs, 1 hit, 0 errors, 1 left on base; Pawnee 2 - Port Royal 1
TOP OF THE 5TH
Pawnee ParksNRec batting - Pitching for Port Royal Disaster : RHP Ismael Barrios
Batting: LHB Ryan Marken 0-0: Fly out, F3 (Popup, 34)
Batting: RHB Nate Cates 0-0: Called Strike
0-1: Foul Ball, location: 2F
0-2: SOLO HOME RUN (Flyball, 9LD), Distance : 360 ft
Batting: SHB Júlio Camacho 0-0: Ball
1-0: Ball
2-0: Foul Ball, location: 2F
2-1: Ground out U3 (Groundball, 3)
Batting: SHB Vicente Pueblo 0-0: Swinging Strike
0-1: SINGLE (Groundball, 34S) (infield hit)
Batting: RHB Ken Bone 0-0: Called Strike
0-1: Fly out, F4 (Popup, 34)
Top of the 5th over - 1 run, 2 hits, 0 errors, 1 left on base; Pawnee 3 - Port Royal 1
BOTTOM OF THE 5TH
Port Royal Disaster batting - Pitching for Pawnee ParksNRec : RHP Brewster Warble
Batting: RHB Winston Sparks 0-0: Foul Ball, location: 2F
0-1: Fly out, F7 (Flyball, 7LS)
Batting: LHB Ricky Payton 0-0: Called Strike
0-1: Ball
1-1: Foul Ball, location: 2F
1-2: SINGLE (Line Drive, 5)
Batting: RHB David McJannett 0-0: Foul Ball, location: 2F
0-1: Called Strike
0-2: Strikes out swinging
Batting: RHB Wrangler Haresnape 0-0: Ball
1-0: Foul Ball, location: 2F
1-1: Ball
2-1: SINGLE (Line Drive, 56)
Ricky Payton to second
Runner from 2nd tries for 3rd, SAFE, no throw
Batting: LHB Rubén López 0-0: Ground out 3-1 (Groundball, 34S)
Bottom of the 5th over - 0 runs, 2 hits, 0 errors, 2 left on base; Pawnee 3 - Port Royal 1
TOP OF THE 6TH
Pawnee ParksNRec batting - Pitching for Port Royal Disaster : RHP Ismael Barrios
Batting: RHB Iván Rodríguez 0-0: Ground out 6-3 (Groundball, 6)
Batting: RHB Britt Lynch 0-0: Foul Ball, location: 2F
0-1: SOLO HOME RUN (Flyball, 7D), Distance : 373 ft
Batting: RHB Ronald Hines 0-0: Foul Ball, location: 2F
0-1: Ball
1-1: Fly out, F8 (Flyball, 8RS)
Batting: SHB Dennis Barraclough 0-0: Ball
1-0: Ball
2-0: SINGLE (Groundball, 6) (infield hit)
Batting: LHB Ryan Marken 0-0: Ball
1-0: Ball
2-0: Called Strike
Dennis Barraclough steals 2nd base
2-1: Ball
3-1: Foul Ball, location: 2F
3-2: Foul Ball, location: 2F
3-2: Ground out 4-3 (Groundball, 4)
Top of the 6th over - 1 run, 2 hits, 0 errors, 1 left on base; Pawnee 4 - Port Royal 1
BOTTOM OF THE 6TH
Port Royal Disaster batting - Pitching for Pawnee ParksNRec : RHP Brewster Warble
Batting: RHB Marvin Hunter 0-0: Ball
1-0: Ball
2-0: Called Strike
2-1: Foul Ball, location: 2F
2-2: Fly out, F5 (Popup, 5S)
Batting: RHB Brandon Cooper 0-0: Called Strike
0-1: Ball
1-1: Ball
2-1: Ball
3-1: Swinging Strike
3-2: Fly out, F6 (Line Drive, 6)
Batting: RHB Loren Stallings 0-0: Ball
1-0: Foul Ball, location: 2F
1-1: Foul Ball, location: 2F
1-2: Foul Ball, location: 2F
1-2: Ball
2-2: Foul Ball, location: 2F
2-2: Strikes out swinging
Bottom of the 6th over - 0 runs, 0 hits, 0 errors, 0 left on base; Pawnee 4 - Port Royal 1
TOP OF THE 7TH
Pawnee ParksNRec batting - Pitching for Port Royal Disaster : RHP Ismael Barrios
Batting: RHB Nate Cates 0-0: Ball
1-0: Ball
2-0: Called Strike
2-1: Foul Ball, location: 2F
2-2: Fly out, F9 (Flyball, 9)
Pitching: RHP Cipriano Costa
Batting: SHB Júlio Camacho 0-0: Foul Ball, location: 2F
0-1: Ball
1-1: Fly out, F9 (Flyball, 9)
Batting: SHB Vicente Pueblo 0-0: Ball
1-0: Foul Ball, location: 2F
1-1: Ball
2-1: Foul Ball, location: 2F
2-2: Ball
3-2: Fly out, F5 (Popup, 56S)
Top of the 7th over - 0 runs, 0 hits, 0 errors, 0 left on base; Pawnee 4 - Port Royal 1
BOTTOM OF THE 7TH
Port Royal Disaster batting - Pitching for Pawnee ParksNRec : RHP Brewster Warble
Batting: LHB António Quintero 0-0: Foul Ball, location: 2F
0-1: SINGLE (Groundball, 4D)
Batting: RHB Winston Sparks 0-0: Ball
1-0: Ball
2-0: Foul Ball, location: 2F
2-1: Bunt missed!
2-2: Grounds into double play, 1-6-3 (Groundball, 13S)
Batting: LHB Ricky Payton 0-0: Ball
1-0: Ball
2-0: Fly out, F8 (Flyball, 8RD)
Bottom of the 7th over - 0 runs, 1 hit, 0 errors, 0 left on base; Pawnee 4 - Port Royal 1
TOP OF THE 8TH
Pawnee ParksNRec batting - Pitching for Port Royal Disaster : RHP Cipriano Costa
Batting: RHB Ken Bone 0-0: Called Strike
0-1: Swinging Strike
0-2: Ball
1-2: Ball
2-2: Ball
3-2: Foul Ball, location: 2F
3-2: Base on Balls
Batting: RHB Iván Rodríguez 0-0: Ball
1-0: Swinging Strike
1-1: Swinging Strike
1-2: Ball
2-2: Strikes out swinging
Batting: RHB Britt Lynch 0-0: Called Strike
0-1: Ball
1-1: Called Strike
1-2: Strikes out swinging
Batting: RHB Ronald Hines 0-0: Called Strike
0-1: Swinging Strike
0-2: Strikes out looking
Top of the 8th over - 0 runs, 0 hits, 0 errors, 1 left on base; Pawnee 4 - Port Royal 1
BOTTOM OF THE 8TH
Port Royal Disaster batting - Pitching for Pawnee ParksNRec : RHP Brewster Warble
Pitching: RHP Mark Sanders
Now at 1B: Felipe Trujillo
Batting: RHB David McJannett 0-0: Ground out 4-3 (Groundball, 4)
Batting: RHB Wrangler Haresnape 0-0: Fly out, F9 (Flyball, 9)
Batting: LHB Rubén López 0-0: Called Strike
0-1: Ball
1-1: Ball
2-1: Ball
3-1: SINGLE (Flyball, 7LS)
Batting: RHB Marvin Hunter 0-0: Ball
1-0: Swinging Strike
1-1: Fielders Choice at 2nd, 6-4 (Groundball, 6)
Bottom of the 8th over - 0 runs, 1 hit, 0 errors, 1 left on base; Pawnee 4 - Port Royal 1
TOP OF THE 9TH
Pawnee ParksNRec batting - Pitching for Port Royal Disaster : RHP Cipriano Costa
Pitching: RHP Will Moore
Batting: SHB Dennis Barraclough 0-0: Ball
1-0: Swinging Strike
1-1: Foul Ball, location: 2F
1-2: Ball
2-2: Foul Ball, location: 2F
2-2: Strikes out swinging
Batting: LHB Ryan Marken 0-0: Called Strike
0-1: Ball
1-1: SINGLE (Line Drive, 34)
Batting: RHB Nate Cates 0-0: Foul Ball, location: 2F
0-1: Ball
1-1: Ball
2-1: Swinging Strike
2-2: Foul Ball, location: 2F
2-2: SINGLE (Flyball, 89S)
Ryan Marken to second
Batting: SHB Júlio Camacho 0-0: Foul Ball, location: 2F
0-1: Ball
1-1: Swinging Strike
1-2: Ball
2-2: Ball
3-2: Foul Ball, location: 2F
3-2: Foul Ball, location: 2F
3-2: Base on Balls
Ryan Marken to third
Nate Cates to second
Batting: SHB Vicente Pueblo 0-0: Ball
1-0: Ball
2-0: SINGLE (Groundball, 6D)
Ryan Marken scores
Nate Cates to third
Júlio Camacho to second
Runner from 3rd tries for Home, SAFE, throw made home
Batting: LHB Felipe Trujillo 0-0: Ball
1-0: Ball
2-0: Ball
3-0: Swinging Strike
3-1: Base on Balls
Júlio Camacho to third
Vicente Pueblo to second
Batting: RHB Iván Rodríguez 0-0: Called Strike
0-1: Foul Ball, location: 2F
0-2: Foul Ball, location: 2F
0-2: Foul Ball, location: 2F
0-2: Strikes out looking
Batting: RHB Britt Lynch 0-0: Ball
1-0: Ball
2-0: Foul Ball, location: 2F
2-1: Called Strike
2-2: Foul Ball, location: 2F
2-2: SINGLE (Groundball, 56D)
Júlio Camacho scores
Vicente Pueblo to third
Felipe Trujillo to second
Runner from 3rd tries for Home, SAFE, throw made at trailing runner, OUT at third!
Top of the 9th over - 4 runs, 4 hits, 0 errors, 1 left on base; Pawnee 8 - Port Royal 1
BOTTOM OF THE 9TH
Port Royal Disaster batting - Pitching for Pawnee ParksNRec : RHP Mark Sanders
Batting: RHB Brandon Cooper 0-0: Called Strike
0-1: Ball
1-1: Foul Ball, location: 2F
1-2: Strikes out swinging
Pinch Hitting: RHB Javier Martínez 0-0: Ball
1-0: Fly out, F3 (Line Drive, 3)
Batting: LHB António Quintero 0-0: Ground out 4-3 (Groundball, 4)
Bottom of the 9th over - 0 runs, 0 hits, 0 errors, 0 left on base; Pawnee 8 - Port Royal 1
Tuesday, December 19th, 2017 - OOTP Baseball 18.8 Build 76